 Dungeon Crawl Stone Soup version 0.22.0-2-ge58baed0e8 (webtiles) character file.

3909 Htamos the Fighter (level 10, -1/82 HPs)
             Began as a Mummy Assassin on Aug 13, 2018.
             Was a Follower of Ashenzari.
             Slain by a wyvern (8 damage)
             ... on level 9 of the Dungeon.
             The game lasted 00:20:30 (10146 turns).

Htamos the Fighter (Mummy Assassin)                Turns: 10146, Time: 00:20:31

Health: -1/82      AC: 11    Str: 17    XL:     10   Next: 1%
Magic:  10/10      EV:  5    Int: 10    God:    Ashenzari [*.....]
Gold:   374        SH: 16    Dex: 15    Spells: 9/9 levels left

rFire    x . .     SeeInvis .   a - +5 dagger
rCold    + . .     Gourm    .   x - +2 large shield (curse)
rNeg     + + +     Faith    .   u - +0 chain mail
rPois    ∞         Spirit   .   (no helmet)
rElec    .         Reflect  .   K - +0 cloak
rCorr    .         Harm     .   (no gloves)
MR       +....                  D - +0 pair of boots
Stlth    ..........             t - amulet of regeneration
HPRegen  0.63/turn              (no ring)
MPRegen  0.12/turn              (no ring)

@: no status effects
A: no food or potions, fire vulnerability, cold resistance 1, negative energy
resistance 3, torment resistance, unbreathing
a: Curse Item, Scrying, Renounce Religion


You were on level 9 of the Dungeon.
You worshipped Ashenzari.
Ashenzari was aware of your devotion.
You were not hungry.

You visited 2 branches of the dungeon, and saw 10 of its levels.

You collected 374 gold pieces.

Inventory:

Hand Weapons
 a - a +5 dagger (weapon)
 b - a +0 blowgun
 l - a +0 hand axe
 m - a cursed -3 dagger
 q - a +0 flail
 s - a +2 flail of protection
 v - a +0 hunting sling
 w - a +0 whip
 C - a cursed -1 broad axe
 F - a cursed -1 long sword
 H - a +2 whip of freezing
 J - a +3 quarterstaff of chaos
Missiles
 e - 18 poisoned needles
 f - a curare-tipped needle
 g - 243 stones
 y - 3 throwing nets (quivered)
 A - 97 sling bullets
 B - 7 tomahawks
Armour
 c - a +0 robe
 d - a +0 cloak
 n - a +0 scale mail
 u - a +0 chain mail (worn)
 x - a cursed +2 large shield (worn)
 D - a +0 pair of boots (worn)
 K - a +0 cloak (worn)
Jewellery
 j - an uncursed ring of magical power
 t - an amulet of regeneration (around neck)
Wands
 k - a wand of random effects (5)
Scrolls
 h - 2 scrolls of immolation {unknown}
 i - 10 scrolls of teleportation
 o - a scroll of blinking {unknown}
 p - 10 scrolls of identify {unknown}
 r - a scroll of fog {unknown}
 z - 2 scrolls of enchant armour {unknown}
 E - a scroll of fear {unknown}
 G - a scroll of random uselessness {unknown}
 I - a scroll of remove curse
 L - a scroll of vulnerability {unknown}


   Skills:
 * Level 8.6 Fighting
 + Level 5.1 Short Blades
 - Level 1.5 Throwing
 + Level 4.0 Armour
 + Level 4.8 Dodging
 - Level 3.2 Stealth
 * Level 5.3 Shields


You had 9 spell levels left.
You didn't know any spells.
Your spell library was empty.

Dungeon Overview and Level Annotations

Branches:
Dungeon (9/15)             Temple (1/1) D:6
   Lair: D:8-11         Orc: D:9-12

Altars:
Ashenzari
Cheibriados
Dithmenos
Elyvilon
Fedhas
Gozag
Hepliaklqana
Kikubaaqudgha
Makhleb
Nemelex Xobeh
Okawaru
Qazlal
Ru
Sif Muna
Trog
Uskayaw
Vehumet
Wu Jian
Xom
Yredelemnul
Zin
The Shining One

Shops:
D:6 =

Annotations:
D:4 exclusions: downstairs and upstairs
D:6 Prince Ribbit
D:7 Harold
D:8 exclusion: downstairs


Innate Abilities, Weirdness & Mutations

You do not eat or drink.
Your flesh is vulnerable to fire.
You are immune to poison.
Your flesh is cold resistant. (rC+)
You are immune to negative energy. (rN+++)
You are immune to unholy pain and torment.
You can survive without breathing.


Message History

The wyvern bites you!
* * * LOW HITPOINT WARNING * * *
Evoke which item? (* to show all) (? for menu, Esc to quit)
Aiming: Random Effects
Press: ? - help, Shift-Dir - straight line, f/p - wyvern
Aim: a wyvern (severely wounded, fast)
The fireball explodes!
The fireball engulfs the wyvern.
The wyvern is almost dead.
The fireball engulfs you! The fire burns you terribly!
* * * LOW HITPOINT WARNING * * *
You hear an angry growl.
You block the wyvern's attack. The wyvern bites you.
* * * LOW HITPOINT WARNING * * *
Evoke which item? (* to show all) (? for menu, Esc to quit)
Aiming: Random Effects
Press: ? - help, Shift-Dir - straight line, f/p - wyvern
Aim: a wyvern (almost dead, fast)
The wyvern resists with significant effort.
The wyvern bites you!
You die...

##.... ..#.. .... )
#...############..
.###....##...)......#
......#.........!...#
#....#....@l.....#
#######.#.....$........
.........†.............
.#####..####..........#
......................#
#.......####..........#
#.......# ############
#.......# #......<#


You could see a wyvern.

Vanquished Creatures
  Pikel (D:7)
  Joseph (D:8)
  Grinder (D:5)
  Sigmund (D:2)
  Edmund (D:5)
  An orc warrior (D:8)
  An ice beast (D:6)
  2 sky beasts
  A slave (D:7)
  A phantom (D:8)
  A necrophage (D:6)
  A black bear (D:6)
  2 centaurs
  An ogre (D:4)
  A crocodile (D:8)
  4 bullfrogs
  A wyvern zombie (D:8)
  2 scorpions
  3 wights (D:7)
  2 crimson imps (D:8)
  A quasit (D:4)
  6 hounds
  Crazy Yiuf (D:7)
  3 orc priests
  7 orc wizards
  A gnoll shaman (D:8)
  Natasha (thrice) (D:3)
  5 worker ants
  2 hound zombies
  A howler monkey zombie (D:8)
  A worker ant zombie (D:7)
  10 gnolls
  4 adders
  3 shadow imps
  An ooze (D:5)
  An adder skeleton (D:6)
  2 worms
  A dart slug (D:3)
  3 leopard geckos
  22 orcs
  10 bats
  3 giant cockroaches
  18 goblins
  10 hobgoblins
  22 jackals
  4 quokkas
  A ball python (D:8)
  4 frilled lizards
  11 kobolds
  2 quokka skeletons (D:4)
  6 rats
198 creatures vanquished.

Vanquished Creatures (others)
  A slave (D:7)
  A bullfrog (D:7)
2 creatures vanquished.

Grand Total: 200 creatures vanquished

Notes
Turn   | Place    | Note
-------+----------+-------------------------------------------
     0 | D:1      | Htamos the Mummy Assassin began the quest for the Orb.
     0 | D:1      | Reached XP level 1. HP: 16/16 MP: 1/1
    43 | D:1      | Reached skill level 1 in Dodging
   476 | D:1      | Reached XP level 2. HP: 22/22 MP: 2/2
   903 | D:1      | Reached XP level 3. HP: 28/28 MP: 3/3
  1554 | D:2      | Found an ornate altar of the Wu Jian Council.
  1682 | D:2      | Noticed Sigmund
  1697 | D:2      | Killed Sigmund
  1697 | D:2      | Reached skill level 4 in Fighting
  1697 | D:2      | Reached XP level 4. HP: 16/37 MP: 4/4
  1697 | D:2      | Reached XP level 5. HP: 19/42 MP: 5/5
  2449 | D:3      | Noticed Natasha
  2462 | D:3      | Killed Natasha
  3099 | D:3      | Reached XP level 6. HP: 44/49 MP: 6/6
  3426 | D:3      | Found a deep blue altar of Sif Muna.
  3426 | D:3      | Found a shadowy altar of Dithmenos.
  3428 | D:3      | Found a radiant altar of Vehumet.
  3875 | D:3      | Noticed Natasha
  3896 | D:3      | Killed Natasha
  4076 | D:3      | Noticed Natasha
  4085 | D:3      | Killed Natasha
  4317 | D:4      | Reached skill level 5 in Fighting
  4447 | D:4      | Reached skill level 1 in Armour
  4656 | D:4      | Reached XP level 7. HP: 38/56 MP: 7/7
  5448 | D:4      | Reached skill level 1 in Shields
  5553 | D:5      | Entered Level 5 of the Dungeon
  5668 | D:5      | Noticed Grinder
  5985 | D:6      | Found Bovuutz's Jewellery Boutique.
  6184 | D:6      | Found a staircase to the Ecumenical Temple.
  6194 | Temple   | Entered the Ecumenical Temple
  6411 | Temple   | Became a worshipper of Ashenzari the Shackled
  6466 | D:6      | Reached skill level 6 in Fighting
  6538 | D:6      | Reached XP level 8. HP: 59/64 MP: 8/8
  6673 | D:6      | Noticed Prince Ribbit
  7276 | D:7      | Noticed Harold
  7657 | D:7      | Found a runed door.
  7715 | D:7      | Noticed Pikel
  7735 | D:7      | Killed Pikel
  7735 | D:7      | Reached skill level 7 in Fighting
  7735 | D:7      | Reached XP level 9. HP: 72/72 MP: 9/9
  7998 | D:7      | Reached * piety under Ashenzari
  8072 | D:7      | Noticed Crazy Yiuf
  8111 | D:7      | Killed Crazy Yiuf
  8293 | D:8      | Noticed Joseph
  8334 | D:8      | Killed Joseph
  8667 | D:8      | Reached skill level 8 in Fighting
  9299 | D:8      | Found an opulent altar of Gozag.
  9300 | D:8      | Found a sparkling altar of Nemelex Xobeh.
  9467 | D:6      | Found a white marble altar of Elyvilon.
  9576 | D:5      | Noticed Edmund
  9577 | D:5      | Killed Grinder
  9577 | D:5      | Reached skill level 5 in Short Blades
  9577 | D:5      | Reached skill level 5 in Shields
  9595 | D:5      | Killed Edmund
  9807 | D:5      | Found a sparkling altar of Nemelex Xobeh.
 10114 | D:9      | Reached XP level 10. HP: 77/82 MP: 10/10
 10146 | D:9      | Slain by a wyvern

Skill      XL: |  1  2  3  4  5  6  7  8  9 |
---------------+----------------------------+-----
Dodging        | 1 2 3 4 |  4.8
Short Blades   | 2 3 4 5 |  5.1
Fighting       | 4 5 6 7 8 |  8.6
Armour         | 1 2 3 4 |  4.0
Shields        | 2 3 5 |  5.3
Throwing       | |  1.5
Stealth        | |  3.2

Action                   |  1- 3 |  4- 6 |  7- 9 | 10-12 || total
-------------------------+-------+-------+-------+-------++-------
Melee: Dagger            |   102 |   235 |   740 |    15 ||  1092
       Flail             |       |    66 |     8 |       ||    74
 Fire: Blowgun           |       |       |    24 |       ||    24
Throw: Stone             |    10 |       |       |       ||    10
       Throwing net      |       |       |     1 |       ||     1
Invok: Curse Item        |       |       |     1 |       ||     1
Evoke: Wand              |       |       |    26 |     3 ||    29
  Use: Scroll            |     3 |       |     4 |       ||     7
 Stab: Sleeping          |     6 |       |       |       ||     6
Armor: Robe              |    34 |       |       |       ||    34
       Scale mail        |     2 |    54 |       |       ||    56
       Chain mail        |       |   108 |   240 |     1 ||   349
Dodge: Dodged            |    72 |   117 |    72 |       ||   261
Block: Large shield      |       |       |   537 |    12 ||   549
